 Dungeon Crawl Stone Soup version 0.28-a0-628-g3c9886e45e (webtiles) character file.

Game seed: 8658530015920216135

2163 FoghornLeghorn the Carver (level 9, -25/61 HPs)
             Began as a Djinni Berserker on Oct 9, 2021.
             Was an Elder of Trog.
             Annihilated by a white ugly thing (51 damage)
             ... on level 8 of the Dungeon.
             The game lasted 00:12:15 (7913 turns).

FoghornLeghorn the Carver (Djinni Berserker)        Turns: 7913, Time: 00:12:16

Health: -25/61     AC: 14    Str: 19    XL:     9   Next: 57%
Gold:   493        EV:  8    Int: 12    God:    Trog [****..] SH:  5 Dex: 14

rFire   + + +      SeeInvis .   a - +0 falchion (flame)
rCold   x . .      Faith    .   h - +0 buckler
rNeg    . . .      Spirit   .   v - +1 chain mail of Jigsaw {rF+ Will++ Regen+ Int+4}
rPois   ∞          Reflect  .   A - +0 helmet
rElec   .          Harm     .   u - +0 cloak
rCorr   .          Rampage  .   f - +1 pair of gloves
Will    ++...                   (boots unavailable)
Stlth   ..........              o - amulet of regeneration
HPRegen 2.20/turn               (no ring)
MPRegen 0.00/turn               (no ring)

@: about to teleport, on berserk cooldown, flying, slowed, very slow
A: sickness immunity, fire resistance 2, cold vulnerability 1, float, innate
caster, hp casting, extra vitality 1
a: Renounce Religion, Berserk, Trog's Hand, Brothers in Arms


You were on level 8 of the Dungeon.
You worshipped Trog.
Trog was greatly pleased with you.
You visited 1 branch of the dungeon, and saw 8 of its levels.
You also visited: Ossuary.

You collected 581 gold pieces.
You spent 88 gold pieces at shops.

Inventory:

Hand Weapons
 a - a +0 falchion of flaming (weapon)
 c - a +0 hunting sling
 k - the +7 mace "Ubaocrog" {freeze, rElec SInv}
   (You found it on level 4 of the Dungeon)

   It freezes those it strikes, dealing additional cold damage.
   It can also slow down cold-blooded creatures.
   rElec:     It insulates you from electricity.
   SInv:      It lets you see invisible.
Missiles
 l - a throwing net (quivered)
Armour
 f - a +1 pair of gloves (worn)
 h - a +0 buckler (worn)
 u - a +0 cloak (worn)
 v - the +1 chain mail of Jigsaw (worn) {rF+ Will++ Regen+ Int+4}
   (You found it on level 6 of the Dungeon)

   Int:       It affects your intelligence (+4).
   rF:        It protects you from fire.
   Regen:     It increases your rate of health regeneration.
   Will:      It greatly increases your willpower.
 A - a +0 helmet (worn)
Jewellery
 o - an amulet of regeneration (around neck)
 r - a ring of fire
 C - a ring of protection from fire
 F - a ring of protection from cold
Wands
 e - a wand of iceblast (20)
 j - a wand of polymorph (3)
 y - a wand of paralysis (4)
Scrolls
 b - a scroll of enchant armour
 d - 2 scrolls of immolation
 m - 3 scrolls of noise
 s - a scroll of teleportation
 w - a scroll of acquirement {unknown}
 B - a scroll of magic mapping {unknown}
Potions
 g - a potion of brilliance
 i - 3 potions of curing
 n - a potion of haste
 p - 2 potions of heal wounds
 q - 2 potions of might
 t - a potion of mutation
 x - a potion of lignification
 z - a potion of invisibility
 D - a potion of cancellation
 E - a potion of ambrosia {unknown}


   Skills:
 + Level 3.2 Fighting
 * Level 10.6 Long Blades
 + Level 2.3 Armour
 - Level 2.1 Dodging
 - Level 4.0 Shields


You couldn't memorise any spells.
You knew the following spells:

 Your Spells              Type           Power      Damage    Failure   Level
a - Shock                 Conj/Air       0%         1d3       99%         1
b - Ensorcelled Hibernat  Hex/Ice        0%         N/A       99%         2
c - Vampiric Draining     Necr           0%         2d6       100%        3
d - Dispel Undead         Necr           0%         3d6       100%        4
Your spell library was empty.


Dungeon Overview and Level Annotations

Branches:
Dungeon (8/15)             Temple (0/1) D:7         Ossuary (visited)
   Lair: D:8-11

Altars:
Cheibriados
Zin

Shops:
D:8 !

Annotations:
D:2 Sigmund
D:5 1 runed translucent door, CowFu's ghost, novice SpBr


Innate Abilities, Weirdness & Mutations

You are immune to sickness and miasma.
You are immune to poison.
Your flesh is very heat resistant. (rF++)
You are vulnerable to cold. (rC-)
You float through the air rather than walking.
You learn spells naturally, not from books.
Your magical power is your life essence.
You have superior vitality. (+4 HP)


Message History

A red film seems to cover your vision as you go berserk!
You feel yourself moving faster!
You feel mighty!
You hit the gargoyle but do no damage.
The gargoyle hurls a stone arrow at you.
The stone arrow hits you!
You hit the gargoyle. You burn the gargoyle.
The gargoyle is lightly damaged.
You completely miss the gargoyle.
The gargoyle is lightly damaged.
The gargoyle hurls a stone arrow at you.
The stone arrow misses you.
You hit the gargoyle but do no damage.
The gargoyle is lightly damaged.
You hit the gargoyle. You burn the gargoyle.
The gargoyle is lightly damaged.
The gargoyle hits you with a +1 mace of protection!
You hit the gargoyle but do no damage.
The gargoyle is lightly damaged.
You hit the gargoyle but do no damage.
The gargoyle is lightly damaged.
You block the gargoyle's attack.
You slash the gargoyle! You burn the gargoyle.
The gargoyle is severely damaged.
You hit the gargoyle but do no damage.
The gargoyle is severely damaged.
The white ugly thing gores you. The white ugly thing freezes you!!!
You feel a terrible chill!
* * * LOW HITPOINT WARNING * * *
The gargoyle completely misses you.
You feel a strong urge to attack something.
You are too berserk!
You feel your anger nearly subside.
You are no longer berserk.
You are exhausted.
You feel yourself slow down.
As you read the scroll labelled TUBETU ZAWK, it crumbles to dust.
You feel strangely unstable.
It was a scroll of teleportation.
The white ugly thing barely misses you. The white ugly thing gores you.
The white ugly thing freezes you!!!
You feel a terrible chill!
Ouch! That really hurt!
You die...

# # ... ##.## ..##?
...######....
....##.##........
#.............###
....###........
##..........#######
#...##..9..........
#..#.....u..........
....>...####@.####♣♣♣♣
....###.#####.## # ###
..........####. .
###.###........♣ ..
###.###.#######♣
..######....)..#
........>...)..#
###...####.###.....#
##.8##.........####


You could see a white ugly thing and a gargoyle.

Vanquished Creatures
  Joseph (D:8)
  An acid dragon (D:7)
  A sky beast (D:8)
  2 orc warriors
  A black bear (D:5)
  A necrophage (D:6)
  A phantom (D:7)
  4 bullfrogs
  3 scorpions
  A water moccasin skeleton (D:5)
  2 wights (D:8)
  2 hounds
  3 jellies
  4 orc priests
  A centaur skeleton (D:4)
  Jessica (D:2)
  An orc wizard (D:5)
  Terence (D:2)
  2 iguanas
  A scorpion zombie (D:5)
  2 hound skeletons (D:4)
  2 mummies (Ossuary)
  2 adders (D:4)
  5 gnolls
  An ufetubus (D:7)
  An adder skeleton (D:4)
  A worm (D:4)
  2 dart slugs
  16 orcs
  4 ball pythons
  3 bats (D:2)
  6 endoplasms
  3 gnoll zombies (Ossuary)
  9 goblins
  9 hobgoblins
  4 jackals
  6 kobolds
  5 quokkas
  9 frilled lizards
  4 goblin zombies (Ossuary)
  5 hobgoblin zombies (Ossuary)
  2 orc zombies (Ossuary)
  5 rats
140 creatures vanquished.

Vanquished Creatures (others)
  A plant (D:7)
1 creature vanquished.

Grand Total: 141 creatures vanquished

Notes
Turn   | Place    | Note
-------+----------+-------------------------------------------
     0 | D:1      | FoghornLeghorn the Djinni Berserker began the quest for the
                  | Orb.
     0 | D:1      | Reached XP level 1. HP: 20/20 MP: 0/0
   108 | D:1      | Reached skill level 3 in Long Blades
   112 | D:1      | Reached XP level 2. HP: 19/25 MP: 0/0
   430 | D:1      | Reached XP level 3. HP: 23/30 MP: 0/0
   430 | D:1      | Learned a level 1 spell: Shock
   913 | D:1      | Reached skill level 4 in Long Blades
  1149 | D:2      | Reached ** piety under Trog
  1231 | D:2      | Reached XP level 4. HP: 35/35 MP: 0/0
  1317 | D:2      | Noticed Jessica
  1318 | D:2      | Noticed Terence
  1321 | D:2      | Killed Jessica
  1322 | D:2      | Reached XP level 5. HP: 40/40 MP: 0/0
  1322 | D:2      | Learned a level 2 spell: Ensorcelled Hibernation
  1551 | D:2      | Killed Terence
  1552 | D:2      | Reached skill level 5 in Long Blades
  1596 | D:2      | Noticed Sigmund
  1974 | D:2      | Found a faded altar of an unknown god.
  2685 | D:3      | Reached XP level 6. HP: 20/46 MP: 0/0
  3529 | D:4      | Reached skill level 1 in Shields
  3989 | D:4      | Reached skill level 6 in Long Blades
  4010 | D:4      | Identified the +7 mace "Ubaocrog" {freeze, rElec SInv}
  4154 | D:4      | Reached *** piety under Trog
  4655 | D:5      | Entered Level 5 of the Dungeon
  4876 | D:5      | Reached XP level 7. HP: 50/50 MP: 0/0
  4876 | D:5      | Learned a level 3 spell: Vampiric Draining
  4891 | D:5      | Found a sand-covered staircase.
  4899 | Ossuary  | Entered an ossuary
  5089 | D:5      | Found a runed translucent door.
  5099 | D:5      | Noticed CowFu's ghost (novice SpBr)
  5414 | D:5      | Reached skill level 7 in Long Blades
  5414 | D:5      | Reached XP level 8. HP: 52/56 MP: 0/0
  5817 | D:6      | Identified the +1 chain mail of Jigsaw {rF+ Will++ Regen+
                  | Int+4}
  6488 | D:6      | Reached skill level 8 in Long Blades
  6607 | D:6      | Found a glowing silver altar of Zin.
  6616 | D:6      | Found a snail-covered altar of Cheibriados.
  6782 | D:7      | Reached **** piety under Trog
  7014 | D:7      | Found a staircase to the Ecumenical Temple.
  7128 | D:7      | Reached skill level 9 in Long Blades
  7142 | D:7      | Reached XP level 9. HP: 60/60 MP: 0/0
  7142 | D:7      | Learned a level 4 spell: Dispel Undead
  7739 | D:8      | Noticed Joseph
  7739 | D:8      | Found Pyzan's Distillery.
  7751 | D:8      | Killed Joseph
  7752 | D:8      | Reached skill level 10 in Long Blades
  7789 | D:8      | Bought a potion of cancellation for 88 gold pieces
  7896 | D:8      | Noticed a gargoyle
  7896 | D:8      | Noticed a white ugly thing
  7913 | D:8      | Annihilated by a white ugly thing

Illustrated notes

Levels and vault maps discovered:
D:1:      lemuel_arrival_broad_hall, layout_loops_ring,
          minmay_misc_feat_four_crosses, nrook_mini_vaults
D:2:      layout_rooms, dreamdust_ecumenical_altar_angels_and_demons,
          roderic_lattice_a, kennysheep_generic_room_3, uniq_jessica,
          uniq_terence, uniq_sigmund
D:3:      layout_basic
D:4:      layout_loops_corners, due_unseen_surprise
D:5:      layout_basic, serial_curves, eino_curves_01, eino_curves_04,
          ebering_ghost_reflecting_pool, nicolae_ossuary_entry_monument,
          minmay_between
D:6:      layout_gridville, mainiacjoe_overflow_swirl, kennysheep_pointless_box,
          minmay_misc_feat_room
D:7:      layout_gridville, minmay_temple_entry_gardened_gates, st_stairs_8
D:8:      layout_rooms, nicolae_dithmenos_the_darkroom,
          mainiacjoe_overflow_six_doors_small, serial_shops,
          nicolae_stop_n_shop_2, uniq_joseph

Skill      XL: |  1  2  3  4  5  6  7  8  9 |
---------------+----------------------------+-----
Long Blades    | 3 4 5 6 7 9 10 | 10.6
Shields        | 2 4 |  4.0
Fighting       | |  3.2
Armour         | |  2.3
Dodging        | |  2.1

Action                   |  1- 3 |  4- 6 |  7- 9 || total
-------------------------+-------+-------+-------++-------
Melee: Falchion          |    77 |   216 |   247 ||   540
       Unarmed           |       |     5 |       ||     5
Invok: Berserk           |     4 |     6 |     8 ||    18
Evoke: Wand              |       |       |     1 ||     1
  Use: Scroll            |       |    11 |     4 ||    15
 Stab: Sleeping          |     1 |       |       ||     1
Armor: Animal skin       |    21 |    18 |       ||    39
       Ring mail         |       |    24 |       ||    24
       Chain mail        |       |    41 |   131 ||   172
Dodge: Dodged            |    42 |    98 |    71 ||   211
Block: Buckler           |       |    21 |    44 ||    65

Table legend: (Time is in decaauts)
 A = Elapsed time spent in this place.
 B = Non-inter-level travel time spent in this place.
 C = Inter-level travel time spent in this place.
 D = Time resting spent in this place.
 E = Time spent auto-exploring this place.
 F = Levels seen in this place.
 G = Mean time per level.
                   A        B        C        D        E       F      G
               +--------+--------+--------+--------+--------+-----+--------+
         Total |   8098 |   7744 |    354 |   1826 |   4488 |   9 |  899.8 |
       Dungeon |   7928 |   7574 |    354 |   1826 |   4409 |   8 |  991.0 |
       Ossuary |    170 |    170 |      0 |      0 |     79 |   1 |  170.0 |
               +--------+--------+--------+--------+--------+-----+--------+

Top non-repeatable levels by time:
     D:1: 1327 daAuts
     D:2: 1254 daAuts
     D:4: 1168 daAuts
     D:6: 1107 daAuts
     D:3: 1026 daAuts
     D:5: 985 daAuts
     D:7: 916 daAuts
 Ossuary: 170 daAuts
     D:8: 142 daAuts
